 Dungeon Crawl Stone Soup version 0.25-a0-589-g1e14c549ee (webtiles) character file.

Game seed: 2666906106581809172, levelgen mode: deterministic

32 Delarado the Ruffian (level 3, -6/26 HPs)
             Began as an Octopode Fighter on Mar 9, 2020.
             Killed from afar by Natasha (9 damage)
             ... with a magic dart
             ... on level 2 of the Dungeon.
             The game lasted 00:02:00 (1220 turns).

Delarado the Ruffian (Octopode Fighter)             Turns: 1220, Time: 00:02:01

Health: -6/26      AC:  1    Str: 16    XL:     3   Next: 25%
Magic:  3/3        EV: 11    Int: 10    God:
Gold:   100        SH:  8    Dex: 11    Spells: 2/2 levels left

rFire    . . .     SeeInvis .     - Unarmed
rCold    . . .     Gourm    .   a - +0 kite shield
rNeg     . . .     Faith    .   (helmet restricted)
rPois    .         Spirit   .   (no amulet)
rElec    .         Reflect  .   (no ring)
rCorr    .         Harm     .   (no ring)
MR       .....                  (no ring)
Stlth    ++........             (no ring)
HPRegen  0.08/turn              (no ring)
MPRegen  0.08/turn              (no ring)
                                (no ring)
                                (no ring)

@: no status effects
A: almost no armour, stealthy swim, amphibious, 8 rings, constrict 8, camouflage
1, gelatinous body 1
a: no special abilities


You were on level 2 of the Dungeon.
You were not hungry.

You visited 1 branch of the dungeon, and saw 2 of its levels.

You collected 100 gold pieces.

Inventory:

Missiles
 d - 42 stones (quivered)
Armour
 a - a +0 kite shield (worn)
Scrolls
 e - a scroll of enchant weapon {unknown}
 h - a scroll of immolation {unknown}
 i - a scroll of fear {unknown}
 j - 2 scrolls of teleportation {unknown}
 k - 2 scrolls of identify {unknown}
 l - a scroll of blinking {unknown}
Potions
 b - a potion of might
 f - a potion of curing {unknown}
 g - a potion of invisibility {unknown}
 m - a potion of haste {unknown}
 o - a potion of cancellation {unknown}
Comestibles
 c - 4 rations
 n - 4 chunks of flesh


   Skills:
 - Level 3.0 Fighting
 - Level 3.0 Dodging
 - Level 3.0 Shields
 + Level 3.6 Unarmed Combat


You had 2 spell levels left.
You didn't know any spells.
Your spell library was empty.

Dungeon Overview and Level Annotations

Branches:
Dungeon (2/15)

Altars:

Annotations:
D:2 Natasha


Innate Abilities, Weirdness & Mutations

You cannot wear most types of armour.
You are very stealthy in the water. (Stealth+)
You are amphibious.
You can wear up to eight rings at the same time.
You can use your tentacles to constrict eight enemies at once.
Your skin changes colour to match your surroundings (Stealth+).
Your rubbery body absorbs attacks. (AC +1, EV +1)


Message History

The magic dart hits you. The white imp gestures at you.
You block the puff of frost. Natasha casts a spell at you.
You resist with significant effort. The white imp closely misses you.
You closely miss Natasha. You grab Natasha.
You constrict Natasha, but do no damage.
Natasha barely misses you. The white imp hits you. The white imp freezes you.
You tentacle-slap Natasha.
Natasha is heavily wounded.
You constrict Natasha. Natasha claws you.
You tentacle-slap Natasha but do no damage.
Natasha is heavily wounded.
You constrict Natasha. The white imp gestures at you.
The puff of frost hits you!
* * * LOW HITPOINT WARNING * * *
Natasha casts a spell at you. The magic dart hits you!
You die...

.#.##................#
.#.##..#############.#
...##..# ...###### #.#
#####..#.#.......###.#
'........>...........#
########.###.....#####
'................+
##.#####.###.....#
##.......# #....@#
##.####### #...5h# #.#
#..(..#
##.###############
..........#
##.######.# .#.# #.#
.#.# #.# .#.# #.#


You could see Natasha and a white imp.

Vanquished Creatures
  An adder (D:2)
  A dart slug (D:1)
  6 bats (D:1)
  A giant cockroach (D:1)
  A goblin (D:1)
  2 hobgoblins
  3 kobolds (D:1)
  A frilled lizard (D:2)
  6 rats
22 creatures vanquished.

Notes
Turn   | Place    | Note
-------+----------+-------------------------------------------
     0 | D:1      | Delarado the Octopode Fighter began the quest for the Orb.
     0 | D:1      | Reached XP level 1. HP: 16/16 MP: 1/1
   171 | D:1      | Reached XP level 2. HP: 21/21 MP: 2/2
   605 | D:2      | Reached XP level 3. HP: 13/26 MP: 3/3
  1213 | D:2      | Noticed Natasha
  1220 | D:2      | Killed from afar by Natasha

Levels and vault maps discovered:
D:1:      wander_arrival_peaceful_grave, layout_loops_ring, minivault_27
D:2:      layout_basic, minitemple, kiku_gazebo_pond_becter,
          minmay_tetromino_s4, uniq_natasha, uniq_jessica

Skill      XL: |  1  2 |
---------------+-------+-----
Unarmed Combat | 3 |  3.6
Fighting       | |  3.0
Dodging        | |  3.0
Shields        | |  3.0

Action                   || total
-------------------------++-------
Melee: Unarmed           ||    48
       Constrict         ||    11
       Tentacles         ||     5
       Punch             ||     1
Throw: Stone             ||     1
 Stab: Sleeping          ||     8
  Eat: Chunk             ||     1
Armor: Skin              ||     1
Dodge: Dodged            ||    23
Block: Kite shield       ||    16

Table legend:
 A = Non-vault XP
 B = Vault XP
 C = Vault XP percentage of total XP
 D = Non-vault monster count
 E = Vault monster count
 F = Vault count percentage of total count
                 A         B        C        D         E       F
            +---------+---------+-------+---------+---------+-------
      Total |      46 |       0 |   0.0 |      22 |       0 |   0.0
            +---------+---------+-------+---------+---------+-------
        D:1 |      28 |       0 |   0.0 |      17 |       0 |   0.0
        D:2 |      18 |       0 |   0.0 |       5 |       0 |   0.0
            +---------+---------+-------+---------+---------+-------
